 Dungeon Crawl Stone Soup version 0.24.1-14-gf8d2b509d9 (console) character file.

Game seed: 5952097427605329927, levelgen mode: deterministic

297 Kagalorn the Slasher (level 6, 0/47 HPs)
             Began as a Human Berserker on July 27, 2020.
             Was a Believer of Trog.
             Slain by a bullfrog skeleton (1 damage)
             ... on level 4 of the Dungeon.
             The game lasted 00:04:54 (2866 turns).

Kagalorn the Slasher (Human Berserker)              Turns: 2866, Time: 00:04:54

Health: 0/47       AC:  2    Str: 20    XL:     6   Next: 62%
Magic:  6/6        EV: 12    Int:  7    God:    Trog [**....]
Gold:   95         SH:  0    Dex: 12    Spells: 5/5 levels left

rFire    . . .     SeeInvis .   a - +0 falchion
rCold    . . .     Gourm    .   (no shield)
rNeg     . . .     Faith    .   b - +0 animal skin
rPois    .         Spirit   .   (no helmet)
rElec    .         Reflect  .   (no cloak)
rCorr    .         Harm     .   (no gloves)
MR       .....                  (no boots)
Stlth    +.........             (no amulet)
HPRegen  0.15/turn              (no ring)
MPRegen  0.10/turn              (no ring)

@: berserk cooldown, slowed, very slow
A: screaming 1
a: Berserk, Trog's Hand, Renounce Religion


You were on level 4 of the Dungeon.
You worshipped Trog.
Trog was pleased with you.
You were not hungry.

You visited 1 branch of the dungeon, and saw 4 of its levels.

You collected 95 gold pieces.

Inventory:

Hand Weapons
 a - a +0 falchion (weapon)
 k - a +1 hand axe of electrocution
 y - a +0 vampiric trident
Missiles
 h - 47 stones (quivered)
Armour
 b - a +0 animal skin (worn)
 f - a +2 robe of the Archmagi
Jewellery
 t - an uncursed ring of stealth {unknown}
 u - a +3 ring of slaying {unknown}
Wands
 r - a wand of random effects (19)
 w - a wand of iceblast (4)
 x - a wand of paralysis (10)
Scrolls
 d - 4 scrolls of teleportation
 g - a scroll of fog {unknown}
 j - a scroll of enchant weapon {unknown}
 m - a scroll of amnesia
 n - a scroll of noise {unknown}
 p - a scroll of remove curse {unknown}
 q - a scroll of immolation {unknown}
 v - a scroll of identify
Potions
 e - 3 potions of mutation
 i - 3 potions of curing
 l - 2 potions of brilliance {unknown}
 o - a potion of degeneration {unknown}
 s - a potion of invisibility {unknown}
Comestibles
 c - 5 rations


   Skills:
 - Level 3.0 Fighting
 + Level 5.7 Long Blades
 + Level 3.5 Axes
 - Level 2.0 Armour
 - Level 2.0 Dodging


You had 5 spell levels left.
You didn't know any spells.
Your spell library was empty.

Dungeon Overview and Level Annotations

Branches:
Dungeon (4/15)             Temple (0/1) D:4

Altars:
Dithmenos
The Shining One


Innate Abilities, Weirdness & Mutations

You occasionally shout uncontrollably at your foes.


Message History

It was a potion of mutation.
You feel extremely strange.
You feel the urge to shout.
You feel a little pissed off.
You feel a little more calm.
The bullfrog skeleton barely misses you.
The ooze jiggles.
The ooze hits you.
* * * LOW HITPOINT WARNING * * *
The bullfrog skeleton hits you.
* * * LOW HITPOINT WARNING * * *
Unknown command.
Press: ? - help, v - describe, . - travel
Here: a bullfrog skeleton The floor.
As you read the scroll labeled ZACSU QUSTUC, it crumbles to dust.
It is a scroll of identify.
d - 4 scrolls of teleportation The bullfrog skeleton hits you.
* * * LOW HITPOINT WARNING * * *
The ooze hits you but does no damage. The bullfrog skeleton hits you.
You die...

##.## ... ... . ... ..
#.# ... #.#### ....
#JZ##8 .....##@.##.
......o(.##.###
.....##)###.#.# ...#
#.## ##..# ..
#).###.#.##########
####...#)##...........
..............#########
..###.######.####......
#.# #.###..#...#


You could see an orc wizard, an ooze and a bullfrog skeleton.

Vanquished Creatures
  Purgy (D:3)
  A howler monkey (D:4)
  An orc priest (D:4)
  A worker ant (D:3)
  5 adders
  A shadow imp (D:3)
  A dart slug (D:1)
  A leopard gecko (D:2)
  3 orcs (D:4)
  A ball python (D:3)
  A giant cockroach (D:3)
  11 goblins
  4 hobgoblins
  2 quokkas
  2 bats
  4 frilled lizards
  5 kobolds
  9 rats
54 creatures vanquished.

Notes
Turn   | Place    | Note
-------+----------+-------------------------------------------
     0 | D:1      | Kagalorn the Human Berserker began the quest for the Orb.
     0 | D:1      | Reached XP level 1. HP: 18/18 MP: 1/1
   173 | D:1      | Reached XP level 2. HP: 17/24 MP: 2/2
   626 | D:1      | Reached skill level 4 in Long Blades
   626 | D:1      | Reached XP level 3. HP: 29/29 MP: 3/3
   775 | D:2      | Found a faded altar of an unknown god.
  1348 | D:2      | Found a glowing golden altar of the Shining One.
  1414 | D:3      | Reached ** piety under Trog
  1478 | D:3      | Found a shadowy altar of Dithmenos.
  1497 | D:3      | Noticed Purgy
  1542 | D:3      | Killed Purgy
  1542 | D:3      | Reached skill level 5 in Long Blades
  1542 | D:3      | Reached XP level 4. HP: 35/35 MP: 4/4
  1542 | D:3      | Reached XP level 5. HP: 41/41 MP: 5/5
  2364 | D:4      | Noticed an ogre
  2371 | D:3      | Reached XP level 6. HP: 47/47 MP: 6/6
  2621 | D:4      | Found a staircase to the Ecumenical Temple.
  2865 | D:4      | Gained mutation: You occasionally shout uncontrollably at
                  | your foes. [potion of mutation]
  2865 | D:4      | Gained mutation: You tend to lose your temper in combat.
                  | [potion of mutation]
  2865 | D:4      | Lost mutation: You tend to lose your temper in combat.
                  | [potion of mutation]
  2866 | D:4      | HP: 1/47 [bullfrog skeleton (5)]
  2866 | D:4      | Slain by a bullfrog skeleton

Levels and vault maps discovered:
D:1:      roderic_dead_forest, layout_basic
D:2:      layout_loops_ring, tso_oasis_becter, chequers_ecumenical_altar_island,
          moated_statue
D:3:      layout_basic, grunt_dithmenos_smoke_and_mirrors, uniq_purgy
D:4:      wad_river_or_something, layout_loops_ring,
          minmay_temple_entry_mini_moons, saegor_snake_ambush

Skill      XL: |  1  2  3  4  5 |
---------------+----------------+-----
Long Blades    | 4 5 |  5.7
Axes           | 2 3 |  3.5
Fighting       | |  3.0
Armour         | |  2.0
Dodging        | |  2.0

Action                   |  1- 3 |  4- 6 || total
-------------------------+-------+-------++-------
Melee: Falchion          |    93 |    56 ||   149
Invok: Berserk           |     3 |     4 ||     7
  Use: Scroll            |       |     2 ||     2
       Potion            |       |     2 ||     2
 Stab: Sleeping          |     2 |     1 ||     3
  Eat: Chunk             |     2 |     5 ||     7
       Ration            |     1 |     1 ||     2
Armor: Animal skin       |    11 |     5 ||    16
Dodge: Dodged            |    53 |    45 ||    98
       Rpst.: Falchion   |    12 |    16 ||    28
